 Dungeon Crawl Stone Soup version 0.30-a0-12-gd8047c6341 (webtiles) character file.

Game seed: 11652997648218409948

6687 SensoryNuts the Severer (level 11, 0/104 HPs)
             Began as a Hill Orc Fighter on Aug 24, 2022.
             Killed from afar by an electric eel (8 damage)
             ... with a bolt of electricity
             ... on level 9 of the Dungeon.
             The game lasted 00:16:50 (10079 turns).

SensoryNuts the Severer (Hill Orc Fighter)         Turns: 10079, Time: 00:16:51

Health: 0/104      AC: 15    Str: 20    XL:     11   Next: 3%
Magic:  11/11      EV: 12    Int:  8    God:
Gold:   460        SH:  0    Dex: 14    Spells: 10/10 levels left

rFire   + . .      SeeInvis .    w - -1 executioner's axe
rCold   + . .      Faith    .    (shield currently unavailable)
rNeg    . . .      Spirit   .    f - +0 swamp dragon scales
rPois   +          Reflect  .    k - +2 helmet
rElec   .          Harm     .    y - scarf {rC+ rF+}
rCorr   .          Rampage  .    h - +0 pair of gloves
Will    .....                    t - +0 pair of boots
Stlth   +.........               (no amulet)
HPRegen 1.07/turn                (no ring)
MPRegen 0.12/turn                (no ring)

@: very slow
A: regeneration 1, robust 1, screaming 1
a: no special abilities


You were on level 9 of the Dungeon.
You visited 2 branches of the dungeon, and saw 10 of its levels.
You also visited: Sewer and Ossuary.

You collected 461 gold pieces.
You spent 1 gold pieces at shops.

Inventory:

Hand Weapons
 a - a +0 war axe
 n - a +2 war axe of venom
 w - a -1 executioner's axe (weapon)
Armour
 c - a +0 buckler
 f - +0 swamp dragon scales (worn)
 h - a +0 pair of gloves (worn)
 k - a +2 helmet (worn)
 t - a +0 pair of boots (worn)
 y - a scarf of resistance (worn)
Jewellery
 p - a ring of protection from fire
Wands
 q - a wand of charming (9)
 s - a wand of roots (12)
 u - a wand of flame (17)
Scrolls
 b - 4 scrolls of butterflies
 e - 3 scrolls of enchant armour
 l - 5 scrolls of teleportation
 r - a scroll of immolation
 v - 2 scrolls of vulnerability
Potions
 i - a potion of mutation
 m - 2 potions of flight
 x - a potion of brilliance
Miscellaneous
 j - a lightning rod (3/4) (quivered)


   Skills:
 + Level 8.7 Fighting
 * Level 15.5 Axes
 + Level 7.8 Armour
 + Level 3.2 Dodging
 + Level 1.3 Stealth
 + Level 5.8 Shields


You had 10 spell levels left.
You didn't know any spells.
Your spell library contained the following spells:

 Spells                   Type           Power      Damage    Failure   Level
 Beastly Appendage        Tmut           0%         N/A       56%         1
 Sting                    Tmut/Pois      0%         1d3       56%         1
 Poisonous Vapours        Pois/Air       0%         N/A       71%         2
 Sublimation of Blood     Necr           0%         N/A       71%         2
 Wereblood                Tmut           0%         N/A       71%         2
 Spider Form              Tmut/Pois      0%         N/A       90%         3
 Olgreb's Toxic Radiance  Pois           0%         N/A       100%        4
 Petrify                  Tmut/Erth      0%         N/A       100%        4
 Irradiate                Conj/Tmut      0%         3d11      100%        5


Dungeon Overview and Level Annotations

Branches:
Dungeon (9/15)             Temple (1/1) D:4           Sewer (visited)
Ossuary (visited)
   Lair: D:8-11         Orc: D:9-12

Altars:
Cheibriados
Dithmenos
Elyvilon
Fedhas
Gozag
Hepliaklqana
Kikubaaqudgha
Makhleb
Nemelex Xobeh
Okawaru
Qazlal
Ru
Sif Muna
Trog
Uskayaw
Vehumet
Wu Jian
Xom
Yredelemnul
Zin
The Shining One

Shops:
D:5 (   D:7 *

Portals:
Abyss: D:3

Annotations:
D:3 2 transporters, Iusername's ghost, amateur HuFi


Innate Abilities, Weirdness & Mutations

Your natural rate of healing is unusually fast.
You are robust. (+10% HP)
You occasionally shout uncontrollably at your foes.


Message History

The bolt of electricity hits you!
* * * LOW HITPOINT WARNING * * *
Unknown command.
Your unstable footing causes you to fumble your attack.
The electric eel shoots out a bolt of lightning at you!
The bolt of electricity misses you.
Unknown command.
Okay, then.
You barely miss the electric eel.
The electric eel is moderately wounded.
The electric eel shoots out a bolt of lightning at you!
The bolt of electricity hits you!
* * * LOW HITPOINT WARNING * * *
Okay, then.
You miss the electric eel.
The electric eel is moderately wounded.
Unknown command.
You barely miss the electric eel.
The electric eel is moderately wounded.
The electric eel shoots out a bolt of lightning at you!
The bolt of electricity hits you!
* * * LOW HITPOINT WARNING * * *
Unknown command.
Aiming: Thunderbolt
Press: ? - help, Q - select action, (/) - cycle Shift-Dir - straight line, f/p - electric eel
Aim: an electric eel (moderately wounded)
The thunderbolt hits the electric eel.
The electric eel completely resists.
The electric eel is moderately wounded.
The electric eel shoots out a bolt of lightning at you!
The bolt of electricity hits you!
* * * LOW HITPOINT WARNING * * *
Aiming: Throw Flame
Press: ? - help, Shift-Dir - straight line, f/p - electric eel
Aim: an electric eel (moderately wounded, 48% to hit)
The puff of flame hits the electric eel.
The electric eel is severely wounded.
The electric eel is engulfed in a cloud of scalding steam.
The electric eel shoots out a bolt of lightning at you!
The bolt of electricity hits you!
You die...

###.....##........
###.....##........
.......!..........
..................
..........<.......
.......(..........
.................~
.............~~~~≈
....~~≈≈~S@~≈≈≈≈≈≈
~~~~~≈~≈≈≈≈≈≈≈≈≈≈~
≈≈≈≈≈≈≈≈≈≈≈≈≈≈≈≈≈≈
≈≈≈≈≈≈≈≈≈≈≈≈≈≈≈≈~
≈≈≈≈≈≈≈≈≈≈≈≈≈≈≈#
≈≈≈≈≈≈≈≈≈≈≈≈≈≈≈
≈≈≈≈≈≈≈≈≈≈≈≈≈≈≈
≈≈≈≈≈≈≈≈≈≈≈≈≈≈≈


You could see an electric eel.

Vanquished Creatures
  A two-headed ogre (D:8)
  Pikel (D:7)
  Maggie (D:6)
  Prince Ribbit (D:6)
  Sigmund (D:4)
  3 wyverns
  2 steam dragons (D:8)
  2 water moccasins
  3 orc warriors
  3 sky beasts (D:8)
  13 ice beasts
  A black bear (D:6)
  An ogre (D:5)
  A centaur (D:8)
  3 lemures (D:7)
  2 kobold brigands
  6 bullfrogs
  3 necrophages
  2 water moccasin zombies (Ossuary)
  3 scorpions
  A wight (D:8)
  4 killer bees
  2 electric eels (D:9)
  A howler monkey (D:7)
  4 hounds
  2 jellies
  2 orc priests
  2 iguanas (D:5)
  7 orc wizards
  2 mummies (Ossuary)
  12 adders
  2 shadow imps
  4 adder zombies (Ossuary)
  5 dart slugs
  24 orcs
  8 ball pythons
  5 bats
  14 endoplasms
  8 giant cockroaches
  2 gnoll zombies (Ossuary)
  4 goblins
  10 hobgoblins
  13 quokkas
  9 frilled lizards
  2 hobgoblin zombies (Ossuary)
  15 kobolds
  5 kobold zombies (Ossuary)
  3 orc zombies (Ossuary)
  5 rats
230 creatures vanquished.

Vanquished Creatures (collateral kills)
  3 killer bees (D:8)
3 creatures vanquished.

Grand Total: 233 creatures vanquished

Notes
Turn   | Place    | Note
-------+----------+-------------------------------------------
     0 | D:1      | SensoryNuts the Hill Orc Fighter began the quest for the
                  | Orb.
     0 | D:1      | Reached XP level 1. HP: 19/19 MP: 1/1
   350 | D:1      | Found a faded altar of an unknown god.
   359 | D:1      | Reached XP level 2. HP: 27/27 MP: 2/2
   497 | D:1      | Reached skill level 3 in Axes
   786 | D:1      | Reached XP level 3. HP: 33/33 MP: 3/3
  1485 | D:2      | Reached skill level 4 in Axes
  1508 | D:2      | Found a hazy altar of Hepliaklqana.
  1811 | D:3      | Found a one-way gate to the infinite horrors of the Abyss.
  1811 | D:3      | Noticed Iusername's ghost (amateur HuFi)
  1835 | D:3      | Found a transporter.
  1836 | D:3      | Noticed a small abomination
  1842 | D:3      | Reached XP level 4. HP: 39/40 MP: 4/4
  1864 | D:3      | Found a transporter.
  1878 | D:3      | Found a glowing drain.
  1947 | Sewer    | Entered a sewer
  2344 | Sewer    | Reached skill level 5 in Axes
  2353 | Sewer    | Reached XP level 5. HP: 45/46 MP: 5/5
  2720 | Sewer    | Reached skill level 6 in Axes
  2720 | Sewer    | Reached XP level 6. HP: 13/53 MP: 6/6
  3708 | D:4      | Found a bloodstained altar of Trog.
  3870 | D:4      | Found a staircase to the Ecumenical Temple.
  3915 | Temple   | Entered the Ecumenical Temple
  4256 | D:4      | Noticed Sigmund
  4274 | D:4      | Killed Sigmund
  4275 | D:4      | Reached skill level 7 in Axes
  4275 | D:4      | Reached skill level 5 in Armour
  4275 | D:4      | Reached XP level 7. HP: 33/60 MP: 7/7
  5168 | D:5      | Entered Level 5 of the Dungeon
  5341 | D:5      | Found Kuneufut's Antique Weapon Shop.
  5831 | D:5      | Found a sand-covered staircase.
  5839 | Ossuary  | Entered an ossuary
  5960 | Ossuary  | Reached skill level 8 in Axes
  5984 | Ossuary  | Reached skill level 1 in Dodging
  6079 | Ossuary  | Reached XP level 8. HP: 52/67 MP: 8/8
  6303 | D:5      | Reached skill level 5 in Fighting
  6467 | D:5      | Reached skill level 9 in Axes
  6571 | D:5      | Gained mutation: You have very sharp teeth. [potion of
                  | mutation]
  6571 | D:5      | Gained mutation: You expend magic power (3 MP) to
                  | strengthen your wands. [potion of mutation]
  6571 | D:5      | Gained mutation: You have a pair of small antennae on your
                  | head. [potion of mutation]
  6572 | D:5      | Lost mutation: You have a pair of small antennae on your
                  | head. [potion of mutation]
  6572 | D:5      | Lost mutation: You expend magic power (3 MP) to strengthen
                  | your wands. [potion of mutation]
  6572 | D:5      | Lost mutation: You have very sharp teeth. [potion of
                  | mutation]
  6572 | D:5      | Gained mutation: You are robust. (+10% HP) [potion of
                  | mutation]
  6572 | D:5      | Gained mutation: Your natural rate of healing is unusually
                  | fast. [potion of mutation]
  6572 | D:5      | Gained mutation: You occasionally shout uncontrollably at
                  | your foes. [potion of mutation]
  6767 | D:6      | Noticed Maggie
  6794 | D:6      | Killed Maggie
  6925 | D:6      | Reached skill level 5 in Shields
  6954 | D:6      | Reached skill level 10 in Axes
  7019 | D:6      | Noticed Prince Ribbit
  7032 | D:6      | Killed Prince Ribbit
  7033 | D:6      | Reached XP level 9. HP: 32/82 MP: 9/9
  7319 | D:6      | Found a radiant altar of Vehumet.
  7569 | D:6      | Reached skill level 11 in Axes
  8289 | D:7      | Found Utot's Lightly-Used Armoury.
  8448 | D:7      | Noticed Pikel
  8467 | D:7      | Killed Pikel
  8468 | D:7      | Reached skill level 12 in Axes
  8668 | D:7      | Found a burning altar of Makhleb.
  8675 | D:7      | Reached skill level 1 in Stealth
  8897 | D:7      | Bought a -2 executioner's axe for 1 gold piece
  8950 | D:8      | Reached XP level 10. HP: 90/94 MP: 10/10
  8954 | D:8      | Reached skill level 13 in Axes
  9796 | D:9      | Reached skill level 14 in Axes
  9798 | D:9      | Noticed a two-headed ogre
  9907 | D:8      | Killed a two-headed ogre
  9927 | D:8      | Reached skill level 15 in Axes
  9994 | D:9      | Reached XP level 11. HP: 104/104 MP: 11/11
 10079 | D:9      | Killed from afar by an electric eel

Illustrated notes

Levels and vault maps discovered:
D:1:      minmay_arrival_cross, layout_basic, basic_ecumenical_altar,
          minmay_indecisive_spiral
D:2:      layout_basic, basic_altar
D:3:      layout_basic, gammafunk_ghost_abyssal_escape, gup_sewer_entry_glass
D:4:      wander_river, layout_basic, mainiacjoe_overflow_cross_hatched,
          minmay_temple_entry_slanted, uniq_sigmund
D:5:      layout_gridville, serial_shops, shop, nicolae_ossuary_entry_plus
D:6:      layout_layer_cave, nicolae_vehumet_radiance, uniq_maggie,
          uniq_prince_ribbit1
D:7:      layout_basic, makhleb_blood_cavern_becter, minmay_shop_damaged,
          uniq_pikel
D:8:      layout_cave_pools, nrook_campfire, kennysheep_pointless_box,
          hangedman_misty_isle
D:9:      minmay_twisted_water, layout_stronghold, mainiacjoe_overflow_brackets
Temple:   mainiacjoe_temple_bowtie_tessellation

Skill      XL: |  1  2  3  4  5  6  7  8  9 10 |
---------------+-------------------------------+-----
Axes           | 3 4 5 6 7 8 10 12 15 | 15.5
Fighting       | 4 6 7 8 |  8.7
Armour         | 4 5 6 7 |  7.8
Shields        | 4 5 |  5.8
Dodging        | 1 2 3 |  3.2
Stealth        | 1 |  1.3

Action                   |  1- 3 |  4- 6 |  7- 9 | 10-12 || total
-------------------------+-------+-------+-------+-------++-------
Melee: War axe           |    94 |   218 |   397 |       ||   709
       Executioner's axe |       |       |     5 |   159 ||   164
Evoke: Lightning rod     |       |     1 |       |     1 ||     2
       Wand              |       |       |       |     1 ||     1
  Use: Potion            |     6 |     2 |    11 |     4 ||    23
       Scroll            |     6 |       |     9 |     2 ||    17
Armor: Scale mail        |    38 |   117 |     9 |       ||   164
       Plate armour      |       |       |    88 |       ||    88
       Swamp dragon scal |       |       |    92 |   175 ||   267
Dodge: Dodged            |    46 |   108 |   146 |   184 ||   484
Block: Buckler           |    22 |    46 |    86 |       ||   154

Table legend: (Time is in decaauts)
 A = Elapsed time spent in this place.
 B = Non-inter-level travel time spent in this place.
 C = Inter-level travel time spent in this place.
 D = Time resting spent in this place.
 E = Time spent auto-exploring this place.
 F = Levels seen in this place.
 G = Mean time per level.
                   A        B        C        D        E       F      G
               +--------+--------+--------+--------+--------+-----+--------+
         Total |  10316 |   9640 |    676 |     43 |   7241 |  12 |  859.7 |
       Dungeon |   8537 |   7861 |    676 |     43 |   5981 |   9 |  948.6 |
        Temple |    310 |    310 |      0 |      0 |    188 |   1 |  310.0 |
         Sewer |   1113 |   1113 |      0 |      0 |    822 |   1 | 1113.0 |
       Ossuary |    354 |    354 |      0 |      0 |    249 |   1 |  354.0 |
               +--------+--------+--------+--------+--------+-----+--------+

Top non-repeatable levels by time:
     D:6: 1471 daAuts
     D:5: 1317 daAuts
     D:4: 1201 daAuts
     D:1: 1135 daAuts
   Sewer: 1113 daAuts
     D:8: 1036 daAuts
     D:3: 883 daAuts
     D:7: 713 daAuts
     D:2: 702 daAuts
 Ossuary: 354 daAuts
  Temple: 310 daAuts
     D:9: 75 daAuts
